 Dungeon Crawl Stone Soup version 0.27-a0-1065-ge809cff456 (webtiles) character file.

Game seed: 11948976619072481726

34 voltaire321 the Gusty (level 3, -3/23 HPs)
             Began as an Octopode Air Elementalist on Apr 22, 2021.
             Slain by Sigmund
             ... wielding a +4 scythe of freezing
              (4 damage)
             ... on level 2 of the Dungeon.
             The game lasted 00:03:56 (1319 turns).

voltaire321 the Gusty (Octopode Air Elementalist)   Turns: 1319, Time: 00:03:56

Health: -3/23      AC:  1    Str:  7    XL:     3   Next: 31%
Magic:  5/6        EV: 13    Int: 18    God:
Gold:   38         SH:  0    Dex: 12    Spells: 5/6 levels left

rFire    . . .     SeeInvis .   e - +0 dagger (speed)
rCold    . . .     Faith    .   (no shield)
rNeg     . . .     Spirit   .   (helmet restricted)
rPois    .         Reflect  .   (no amulet)
rElec    .         Harm     .   (no ring)
rCorr    .         Rampage  .   (no ring)
Will     .....                  (no ring)
Stlth    +++.......             (no ring)
HPRegen  0.07/turn              (no ring)
MPRegen  0.10/turn              (no ring)
                                (no ring)
                                (no ring)

@: no status effects
A: almost no armour, amphibious, 8 rings, camouflage 1, gelatinous body 1,
(nimble swimmer 1), tentacles
a: no special abilities


You were on level 2 of the Dungeon.
You visited 1 branch of the dungeon, and saw 2 of its levels.

You collected 38 gold pieces.

Inventory:

Hand Weapons
 e - a +0 dagger of speed (weapon)
Scrolls
 b - 2 scrolls of teleportation {unknown}
 c - a scroll of magic mapping {unknown}
 d - a scroll of blinking {unknown}


   Skills:
 + Level 1.0 Fighting
 + Level 2.4 Dodging
 - Level 2.6 Stealth
 + Level 2.2 Spellcasting
 + Level 1.6 Conjurations
 + Level 3.2 Air Magic


You had 5 spell levels left.
You knew the following spells:

 Your Spells              Type           Power      Damage    Failure   Level
a - Shock                 Conj/Air       40%        1d5       6%          1

Your spell library contained the following spells:

 Spells                   Type           Power      Damage    Failure   Level
 Static Discharge         Conj/Air       10%        N/A       10%         2
 Swiftness                Air            13%        N/A       14%         3
 Airstrike                Air            6%         N/A       41%         4
 Lightning Bolt           Conj/Air       5%         1d17      87%         5


Dungeon Overview and Level Annotations

Branches:
Dungeon (2/15)

Altars:

Annotations:
D:2 Sigmund


Innate Abilities, Weirdness & Mutations

You cannot wear most types of armour.
You are amphibious.
You can wear up to eight rings at the same time.
Your skin changes colour to match your surroundings (Stealth+).
Your rubbery body absorbs attacks. (AC +1, EV +1)
((You are camouflaged near water. (Stealth+)))
You have tentacles for arms and can constrict up to eight enemies at once.


Message History

The kobold is heavily wounded.
You hit the kobold but do no damage. You grab the kobold.
The kobold is heavily wounded.
You constrict the kobold.
You kill the kobold!
The rat misses you.
You closely miss the rat. Your grab misses the rat.
The rat bites you but does no damage.
You hit the rat. Your grab misses the rat.
The rat is heavily wounded.
You closely miss the rat. You grab the rat. You squeeze the rat.
You kill the rat!
You closely miss the rat. You grab the rat. Your squeeze misses the rat.
You constrict the rat. The rat bites you.
You hit the rat.
You kill the rat!
Things that are here:
a rat corpse; a rat corpse You now have 38 gold pieces (gained 11).
Things that are here:
a +0 antimagic whip; a stone Sigmund is nearby!
You closely miss Sigmund. Your grab misses Sigmund. Sigmund closely misses you.
You closely miss Sigmund. You grab Sigmund.
You constrict Sigmund, but do no damage.
Sigmund drinks a potion.
Sigmund seems to grow stronger.
Casting: Shock (safe; 6% risk of failure)
Confirm with . or Enter, or press ? or * to list all spells.
Aiming: Shock (safe; 6% risk of failure)
Press: ? - help, Shift-Dir - straight line, f - Sigmund
Aim: Sigmund, wielding a +4 scythe of freezing and wearing a +0 robe (constricted by you, strong, 100% to hit)
The zap hits Sigmund.
Sigmund is lightly wounded.
You constrict Sigmund.
A giant cockroach comes into view.
Sigmund hits you with a +4 scythe of freezing!!
Ouch! That really hurt!
* * * LOW HITPOINT WARNING * * *
Sigmund freezes you.
You die...

######### #.......#
#### #.#####.#
..####.#### #
#.#.......#
#.##.#(##.##.#
#......##.##.##.#
####@####.......#
#.#####@######.#####
#.....†)...# #.#
#.####.....# #.####
#>....# #....#
#.....# #....#
#.....# ##...#
....### ##.## #.#
##B.# #.# #.# ....
#.#


You could see Sigmund (strong) and a giant cockroach (wandering).

Vanquished Creatures
  A dart slug (D:1)
  4 bats
  An endoplasm (D:1)
  2 giant cockroaches
  3 goblins (D:1)
  2 hobgoblins
  4 jackals (D:1)
  A quokka (D:1)
  A frilled lizard (D:1)
  5 kobolds
  6 rats
30 creatures vanquished.

Notes
Turn   | Place    | Note
-------+----------+-------------------------------------------
     0 | D:1      | voltaire321 the Octopode Air Elementalist began the quest
                  | for the Orb.
     0 | D:1      | Reached XP level 1. HP: 11/11 MP: 3/3
   307 | D:1      | Reached XP level 2. HP: 18/18 MP: 1/5
   361 | D:1      | Found a faded altar of an unknown god.
   972 | D:1      | Reached XP level 3. HP: 18/22 MP: 3/6
  1100 | D:2      | Noticed Sigmund
  1183 | D:2      | Reached skill level 1 in Fighting
  1319 | D:2      | HP: 1/23 [Sigmund/+4 scythe of freezing (21)]
  1319 | D:2      | Slain by Sigmund

Illustrated notes

Levels and vault maps discovered:
D:1:      saegor_arrival_simple_d, layout_loops_ring,
          ebering_ecumenical_altar_rust
D:2:      layout_loops_cross, kennysheep_big_empty_room, uniq_sigmund

Skill      XL: |  1  2  3 |
---------------+----------+-----
Fighting       | 1 |  1.0
Dodging        | |  2.4
Stealth        | |  2.6
Spellcasting   | |  2.2
Conjurations   | |  1.6
Air Magic      | |  3.2

Action                   || total
-------------------------++-------
Melee: Unarmed           ||     5
       Constrict         ||    12
       Short sword       ||    15
       Tentacles         ||     4
       Dagger            ||    17
 Cast: Shock             ||    36
 Stab: Sleeping          ||     1
Armor: Skin              ||     5
Dodge: Dodged            ||    22

Table legend: (Time is in decaauts)
 A = Elapsed time spent in this place.
 B = Non-inter-level travel time spent in this place.
 C = Inter-level travel time spent in this place.
 D = Time resting spent in this place.
 E = Time spent auto-exploring this place.
 F = Levels seen in this place.
 G = Mean time per level.
                   A        B        C        D        E       F      G
               +--------+--------+--------+--------+--------+-----+--------+
         Total |   1314 |   1295 |     19 |    293 |    760 |   2 |  657.0 |
       Dungeon |   1314 |   1295 |     19 |    293 |    760 |   2 |  657.0 |
               +--------+--------+--------+--------+--------+-----+--------+

Top non-repeatable levels by time:
     D:1: 1126 daAuts
     D:2: 188 daAuts
